 Dungeon Crawl Stone Soup version 0.32-a0-986-ga09f62fbf4 (webtiles) character file.

Game seed: 14239885492511939615

1126 Aldia the Trooper (level 8, 0/84 HPs)
             Began as an Oni Fire Elementalist on Apr 21, 2024.
             Slain by a lemure (4 damage)
             ... led by Pikel
             ... on level 5 of the Dungeon.
             The game lasted 00:09:27 (5830 turns).

Aldia the Trooper (Oni Fire Elementalist)           Turns: 5830, Time: 00:09:27

Health: 0/84       AC:  4    Str: 13    XL:     8   Next: 35%
Magic:  4/16       EV:  9    Int: 18    God:
Gold:   259        SH:  5    Dex:  9    Spells: 11/18 levels left

rFire   . . .        j - +4 hammer
rCold   . . .        (no shield)
rNeg    . . .        a - +0 robe
rPois   .            (helmet restricted)
rElec   .            i - +0 cloak
rCorr   .            (gloves unavailable)
SInv    .            (boots unavailable)
Will    +....        s - amulet of reflection
Stlth   ++           g - ring of willpower
HPRegen 0.34/turn    (no ring)
MPRegen 0.15/turn

%: reflection
@: no status effects
A: large, unfitting armour, horns 1, tough skin 1, double potion healing,
drunken brawling
a: no special abilities


You were on level 5 of the Dungeon.
You visited 1 branch of the dungeon, and saw 5 of its levels.

You collected 259 gold pieces.

Inventory:

Hand Weapons
 d - a +0 whip
 j - a +4 hammer (weapon)
 n - a +0 morningstar of freezing
Armour
 a - a +0 robe (worn)
 c - an orb of energy
 i - a +0 cloak (worn)
Magical Staves
 o - a staff of death
Jewellery
 g - a ring of willpower (left hand)
 l - an amulet of the acrobat
 m - the amulet "Pun Tuek" {Acrobat ^Drain Dex+6}
   (You found it on level 3 of the Dungeon)

   [amulet of the acrobat]

   Acrobat:   It increases your evasion while moving and waiting.
   Dex+6:     It affects your dexterity (+6).
   ^Drain:    It drains your maximum health when unequipped.
 s - an amulet of reflection (around neck)
Wands
 b - a wand of flame (12)
Scrolls
 f - 6 scrolls of teleportation
 p - a scroll of poison {unknown}
 r - a scroll of enchant weapon {unknown}
Potions
 h - a potion of might {unknown}
 k - a potion of ambrosia {unknown}
 q - a potion of haste {unknown}


   Skills:
 + Level 6.5 Fighting
 - Level 2.0 Dodging
 - Level 2.0 Stealth
 + Level 5.6 Spellcasting
 * Level 3.9 Conjurations
 - Level 5.0 Fire Magic


You had 11 spell levels left.
You knew the following spells:

 Your Spells              Type           Power      Damage    Failure   Level
a - Foxfire               Conj/Fire      84%        2x1d8     1%          1
b - Scorch                Fire           46%        2d6       2%          2
c - Flame Wave            Conj/Fire      21%        2d8       21%         4

Your spell library contained the following spells:

 Spells                   Type           Power      Damage    Failure   Level
 Kiss of Death            Conj/Necr      48%        2d9       5%          1
 Inner Flame              Hex/Fire       14%        N/A       14%         3
 Volatile Blastmotes      Fire/Tloc      28%        2d12      14%         3
 Confusing Touch          Hex            5%         N/A       36%         3
 Dispel Undead            Necr           5%         3d7       77%         4
 Starburst                Conj/Fire      10%        6d5       97%         6
 Plasma Beam              Fire/Air       7%         2x1d17    100%        6


Dungeon Overview and Level Annotations

Branches:
Dungeon (5/15)
 Temple: D:4-7

Altars:

Shops:
D:1 (   D:4 !

Annotations:
D:5 Pikel


Innate Abilities, Weirdness & Mutations

You are too large for most types of armour.
You have a pair of small horns on your head.
You have tough skin. (AC +1)
You gain doubled healing and magic from potions.
Whenever you drink a healing potion, you attack all around you.


Message History

Unknown command.
Flames lash the lemure.
The lemure is lightly wounded.
The lemure's fire resistance burns away.
The foxfire hits the lemure.
The lemure is heavily wounded.
The lemure hits you but does no damage. The lemure hits you!
Pikel hits you with a +2 whip of freezing.
Pikel freezes you.
You barely miss Pikel. Your headbutt misses Pikel. The lemure hits you. x2
Pikel hits you with a +2 whip of freezing!
Pikel freezes you.
You barely miss Pikel.
The lemure is no longer more vulnerable to fire.
The lemure hits you. The lemure hits you!
Pikel hits you with a +2 whip of freezing!
* * * LOW HITPOINT WARNING * * *
Pikel freezes you.
* * * LOW HITPOINT WARNING * * *
The lemure hits you but does no damage. Pikel barely misses you.
You block the lemure's attack.
Casting: Scorch (safe; 2% risk of failure)
Confirm with . or Enter, or press ? or * to list all spells.
You conjure some foxfire!
You block the lemure's attack. The lemure hits you.
* * * LOW HITPOINT WARNING * * *
Pikel hits you with a +2 whip of freezing!
* * * LOW HITPOINT WARNING * * *
Pikel freezes you.
* * * LOW HITPOINT WARNING * * *
Unknown command.
You closely miss Pikel.
The foxfire hits the lemure.
The lemure is severely wounded.
The foxfire hits the lemure but does no damage.
The lemure is severely wounded.
Pikel hits you with a +2 whip of freezing.
* * * LOW HITPOINT WARNING * * *
Pikel freezes you.
* * * LOW HITPOINT WARNING * * *
The lemure hits you.
You die...

.....
#$....
#......
#..$...
#.....###
#......5#
#.....5K#
#.....5@#
####.รท..#
#....#
######


You could see Pikel and 3 lemures.

Vanquished Creatures
  Grinder (D:3)
  Sigmund (D:2)
  A water moccasin (D:4)
  A black bear (D:5)
  A lemure (D:5)
  A phantom (D:4)
  A scorpion (D:5)
  2 howler monkeys
  Crazy Yiuf (D:3)
  A hound (D:4)
  A sleepcap (D:5)
  Jessica (D:3)
  2 iguanas (D:4)
  2 orc wizards (D:4)
  3 gnolls (D:5)
  3 adders
  5 dart slugs
  2 ribbon worms
  5 orcs
  6 bats
  7 endoplasms
  6 giant cockroaches
  4 goblins
  10 hobgoblins
  4 jackals
  4 quokkas
  6 ball pythons
  3 frilled lizards (D:1)
  7 kobolds
  4 rats
96 creatures vanquished.

Vanquished Creatures (others)
  54 foxfires
54 creatures vanquished.

Grand Total: 150 creatures vanquished

Notes
Turn   | Place    | Note
-------+----------+-------------------------------------------
     0 | D:1      | Aldia the Oni Fire Elementalist began the quest for the
                  | Orb.
     0 | D:1      | Reached XP level 1. HP: 16/16 MP: 3/3
    69 | D:1      | Reached skill level 1 in Conjurations
   209 | D:1      | Reached XP level 2. HP: 26/26 MP: 0/5
   212 | D:1      | Learned a level 2 spell: Scorch
   310 | D:1      | Reached skill level 1 in Fighting
   734 | D:1      | Found Jemnil's Weapon Shop.
   734 | D:1      | Noticed a +0 demon blade
   734 | D:1      | Noticed a +0 rapier
   743 | D:1      | Reached XP level 3. HP: 33/33 MP: 4/7
  1653 | D:2      | Noticed Sigmund
  1732 | D:2      | Killed Sigmund
  1733 | D:2      | Reached skill level 3 in Fighting
  1733 | D:2      | Reached XP level 4. HP: 32/45 MP: 0/9
  1733 | D:2      | Reached XP level 5. HP: 38/53 MP: 0/10
  2091 | D:2      | Found a faded altar of an unknown god.
  2277 | D:2      | Reached XP level 6. HP: 61/61 MP: 8/11
  2662 | D:3      | Noticed Jessica
  2665 | D:3      | Killed Jessica
  2806 | D:3      | Noticed Grinder
  2833 | D:3      | Killed Grinder
  2834 | D:3      | Reached skill level 5 in Fighting
  2834 | D:3      | Reached skill level 5 in Fire Magic
  2834 | D:3      | Reached XP level 7. HP: 42/72 MP: 9/13
  2860 | D:3      | Learned a level 4 spell: Flame Wave
  2865 | D:3      | Found a runed translucent door.
  2866 | D:3      | Noticed Crazy Yiuf
  2873 | D:3      | Killed Crazy Yiuf
  3288 | D:3      | Identified the amulet "Pun Tuek" {Acrobat ^Drain Dex+6}
  4282 | D:4      | Found Iwioroi's Distillery.
  4291 | D:4      | Reached skill level 5 in Spellcasting
  4978 | D:4      | Reached XP level 8. HP: 83/83 MP: 8/15
  4980 | D:4      | Reached skill level 6 in Fighting
  5366 | D:5      | Entered Level 5 of the Dungeon
  5607 | D:5      | HP: 6/126 [poisoned by a scorpion]
  5815 | D:5      | Noticed Pikel
  5830 | D:5      | HP: 4/84 [Pikel/+2 whip of freezing (3)]
  5830 | D:5      | Slain by a lemure

Illustrated notes

Levels and vault maps discovered:
D:1:      erik_arrival_blinker_ship, layout_basic, serial_shops,
          nicolae_shop_mannequins, nicolae_figureground_pulse
D:2:      layout_loops_ring, serial_forest, infiniplex_forest_clump_small,
          infiniplex_forest_straight_2, infiniplex_forest_lined_3_way,
          infiniplex_forest_straight_2, infiniplex_forest_lined_room_,
          ebering_ecumenical_altar_box, uniq_sigmund
D:3:      layout_basic, uniq_crazy_yiuf_cottage, uniq_grinder, uniq_jessica
D:4:      layout_loops_corners, corexii_checkpoint, nicolae_take_the_stairs
D:5:      layout_basic, minmay_temple_entry_gardened_gates, uniq_pikel

Skill      XL: |  1  2  3  4  5  6  7  8 |
---------------+-------------------------+-----
Conjurations   | 1 2 3 |  3.9
Fire Magic     | 3 4 5 |  5.0
Fighting       | 1 3 5 6 |  6.5
Spellcasting   | 3 4 5 |  5.6
Dodging        | 2 |  2.0
Stealth        | 2 |  2.0

Action                     |  1- 3 |  4- 6 |  7- 9 || total
---------------------------+-------+-------+-------++-------
  Melee: Whip              |    20 |     8 |       ||    28
         Headbutt          |     4 |     2 |     4 ||    10
         Mace              |       |       |    19 ||    19
   Cast: Foxfire           |    25 |       |    10 ||    35
         Scorch            |    31 |    28 |    71 ||   130
    Use: Scroll            |     1 |       |     1 ||     2
         Potion            |       |     1 |     1 ||     2
 Armour: Robe              |    22 |     8 |    58 ||    88
  Dodge: Dodged            |    15 |     9 |    21 ||    45
  Block: Other             |       |       |    12 ||    12

Table legend: (Time is in decaauts)
 A = Elapsed time spent in this place.
 B = Non-inter-level travel time spent in this place.
 C = Inter-level travel time spent in this place.
 D = Time resting spent in this place.
 E = Time spent auto-exploring this place.
 F = Levels seen in this place.
 G = Mean time per level.
                   A        B        C        D        E       F      G
               +--------+--------+--------+--------+--------+-----+--------+
         Total |   5849 |   5575 |    274 |    213 |   4732 |   5 | 1169.8 |
       Dungeon |   5849 |   5575 |    274 |    213 |   4732 |   5 | 1169.8 |
               +--------+--------+--------+--------+--------+-----+--------+

Top non-repeatable levels by time:
     D:1: 1676 daAuts
     D:4: 1489 daAuts
     D:3: 1283 daAuts
     D:2: 970 daAuts
     D:5: 428 daAuts
